 Dungeon Crawl Stone Soup version 0.17.0-24-gcfadda4 (webtiles) character file.

3281 dorian the Arsonist (level 10, -1/56 HPs)
             Began as an Octopode Fire Elementalist on Nov 16, 2015.
             Was a Follower of Vehumet.
             Slain by a killer bee (4 damage)
             ... on level 7 of the Dungeon.
             The game lasted 00:24:32 (8153 turns).

dorian the Arsonist (Octopode Fire Elementalist)    Turns: 8153, Time: 00:24:32

Health: -1/56      AC:  1    Str:  8    XL:     10   Next: 0%
Magic:  2/13       EV: 12    Int: 24    God:    Vehumet [*.....]
Gold:   378        SH:  0    Dex: 12    Spells: 5 memorised, 2 levels left

rFire  . . .     SeeInvis .     v - staff of poison
rCold  . . .     Clarity  .     (no shield)
rNeg   . . .     SustAt   .     (helmet restricted)
rPois  +         Gourm    .     (no amulet)
rElec  .         Spirit   .     D - ring of flight
rCorr  .         Warding  .     B - +3 ring of intelligence
rMut   .         Stasis   .     (no ring)
MR     .....                    (no ring)
Stlth  +++.......               (no ring)
                                (no ring)
                                (no ring)
                                (no ring)

@: repel missiles, not resistant to hostile enchantments, fairly stealthy
A: almost no armour, amphibious, 8 rings, constrict 8, camouflage 1, gelatinous
body 1
a: Renounce Religion, Evoke Flight


You were on level 7 of the Dungeon.
You worshipped Vehumet.
Vehumet was aware of your devotion.
You were hungry.

You visited 2 branches of the dungeon, and saw 8 of its levels.

You collected 378 gold pieces.

Inventory:

Hand Weapons
 F - the +8 dagger of Wereh {drain, rF+ Str+2 Dex+3}
   (You found it on level 4 of the Dungeon)

   A truly terrible weapon, it drains the life of those it strikes.
   It affects your strength (+2).
   It affects your dexterity (+3).
   It protects you from fire.
 G - the +11 great sword of Alegyix {elec, rElec Stlth+}
   (You found it on level 4 of the Dungeon)

   Occasionally, upon striking a foe, it will discharge some electrical energy
   and cause terrible harm.
   It insulates you from electricity.
   It makes you more stealthy.
 K - a +0 dagger of draining
Magical Staves
 v - an uncursed staff of poison (weapon)
 C - an uncursed staff of air
Jewellery
 B - a +3 ring of intelligence (right tentacle)
 D - a ring of flight (left tentacle)
Wands
 n - a wand of teleportation (5)
 r - a wand of frost (0)
 H - a wand of flame (37)
Scrolls
 e - 2 scrolls of remove curse
 f - a scroll of identify
 g - 3 scrolls of amnesia
 h - 2 scrolls of recharging {unknown}
 l - 3 scrolls of teleportation {unknown}
 p - 3 scrolls of fog {unknown}
 q - a scroll of blinking {unknown}
 x - a scroll of fear
 y - 3 scrolls of random uselessness {unknown}
Potions
 c - 2 potions of lignification {unknown}
 d - a potion of magic {unknown}
 i - a potion of ambrosia {unknown}
 k - a potion of curing
 m - 2 potions of heal wounds {unknown}
 s - 2 potions of haste {unknown}
 w - a potion of brilliance {unknown}
 z - a potion of might {unknown}
 E - a potion of mutation {unknown}
 I - a potion of poison {unknown}
 J - a potion of cure mutation {unknown}
Books
 a - a book of Flames

   Spells                             Type                      Level
   a - Flame Tongue                   Conjuration/Fire             1
   b - Throw Flame                    Conjuration/Fire             2
   c - Conjure Flame                  Conjuration/Fire             3
   d - Inner Flame                    Hexes/Fire                   3
   e - Sticky Flame                   Conjuration/Fire             4
   f - Fireball                       Conjuration/Fire             5
 u - a book of Summonings

   Spells                             Type                      Level
   a - Recall                         Summoning/Translocation      3
   b - Aura of Abjuration             Summoning                    5
   c - Shadow Creatures               Summoning                    5
   d - Summon Demon                   Summoning                    5
   e - Summon Forest                  Summoning/Translocation      5
   f - Summon Mana Viper              Hexes/Summoning              5
 A - a book of Annihilations

   Spells                             Type                      Level
   a - Poison Arrow                   Conjuration/Poison           6
   b - Chain Lightning                Conjuration/Air              8
   c - Lehudib's Crystal Spear        Conjuration/Earth            8
   d - Glaciate                       Conjuration/Ice              9
   e - Fire Storm                     Conjuration/Fire             9
 L - a book of Minor Magic

   Spells                             Type                      Level
   a - Magic Dart                     Conjuration                  1
   b - Blink                          Translocation                2
   c - Call Imp                       Summoning                    2
   d - Repel Missiles                 Charms/Air                   2
   e - Slow                           Hexes                        2
   f - Conjure Flame                  Conjuration/Fire             3
   g - Mephitic Cloud                 Conjuration/Poison/Air       3
 M - a book of Clouds

   Spells                             Type                      Level
   a - Mephitic Cloud                 Conjuration/Poison/Air       3
   b - Conjure Flame                  Conjuration/Fire             3
   c - Poisonous Cloud                Conjuration/Poison/Air       6
   d - Freezing Cloud                 Conjuration/Ice/Air          6
   e - Ring of Flames                 Charms/Fire                  7
Comestibles
 b - 9 bread rations
 j - 10 beef jerkies
 o - 2 meat rations
 t - 5 fruits


   Skills:
 - Level 2.0 Dodging
 - Level 2.6 Stealth
 - Level 2.0 Spellcasting
 + Level 9.2 Conjurations
 + Level 9.5 Fire Magic
 + Level 3.2 Air Magic
 + Level 4.0 Poison Magic


You had 2 spell levels left.
You knew the following spells:

 Your Spells              Type           Power        Failure   Level  Hunger
a - Flame Tongue          Conj/Fire      #####        1%          1    #......
b - Sticky Flame          Conj/Fire      #####...     2%          4    #####..
c - Repel Missiles        Chrm/Air       ##....       12%         2    ##.....
d - Mephitic Cloud        Conj/Pois/Air  #####...     4%          3    ###....
e - Sting                 Conj/Pois      ####         1%          1    #......


Dungeon Overview and Level Annotations

Branches:
Dungeon (7/15)             Temple (1/1) D:5

Altars:
Cheibriados
Elyvilon
Kikubaaqudgha
Okawaru
Qazlal
Vehumet


Innate Abilities, Weirdness & Mutations

You cannot wear most types of armour.
You are amphibious.
You can wear up to eight rings at the same time.
You can use your tentacles to constrict eight enemies at once.
Your skin changes colour to match your surroundings (Stealth).
Your rubbery body absorbs attacks (AC +1).


Message History

Evoking this partially-identified wand wasted a few charges.
The killer bee completely misses you.
Evoke which item? (* to show all) (? for menu, Esc to quit)
Zapping:
r - a wand of frost {zapped: 18} (will waste charges)
Press: ? - help, Shift-Dir - straight line, f/p - killer bee
Aim: a killer bee (lightly wounded)
The puff of frost hits the killer bee.
The killer bee is lightly wounded.
Evoking this partially-identified wand wasted a few charges.
The killer bee stings you!
* * * LOW HITPOINT WARNING * * *
The killer bee barely misses you.
Evoke which item? (* to show all) (? for menu, Esc to quit)
Zapping:
r - a wand of frost {zapped: 21} (will waste charges)
Press: ? - help, Shift-Dir - straight line, f/p - killer bee
Aim: a killer bee (lightly wounded) Nothing appears to happen.
The killer bee stings you.
* * * LOW HITPOINT WARNING * * *
The killer bee stings you.
You die...

.# #...# +....#.#########..... .#
#...#####....#.##)÷..###.....
.#####'##...... #.##.§(#..#.....
............... #.##...###.÷....
............... #.#########.....
............... #..####.###.....
.........#+###+###.......#.......
.........†...#.........<.#.......
.........#...'.y@........#.......
........y#..########.##.###..##..
....y....#### #####.###..####
.........# #...........#
.........# #...........#
.....(...## ##.##.#######
#####.....#..# #. #.# #.....'..>.
. ... #.....#.... . ....


You could see a killer bee.

Vanquished Creatures
  Pikel (D:6)
  The ghost of M4edhros the Covert, a novice OpAr (D:7)
  The ghost of M4edhros the Sneak, a novice OpAr of Xom (D:5)
  Sigmund (D:5)
  A sky beast (D:6)
  2 orc warriors
  A slave (D:6)
  3 phantoms
  An ice beast (D:6)
  A centaur (D:6)
  4 ogres
  2 giant frogs
  A wyvern zombie (D:6)
  A scorpion (D:4)
  3 killer bees (D:7)
  A centaur skeleton (D:7)
  2 hounds (D:5)
  2 orc priests (D:6)
  3 giant frog skeletons
  2 iguanas (D:6)
  2 orc wizards (D:6)
  2 worker ants
  A killer bee zombie (D:7)
  A hound skeleton (D:5)
  A worker ant zombie (D:5)
  11 gnolls
  8 adders
  A shadow imp (D:5)
  An ooze (D:1)
  An adder skeleton (D:7)
  6 worms
  4 giant geckos
  19 orcs
  A ball python (D:4)
  9 giant cockroaches
  8 hobgoblins
  4 jackals
  8 kobolds
  8 bats
  A giant gecko skeleton (D:5)
  A giant gecko zombie (D:6)
  5 giant newts
  6 goblins
  3 quokkas
  7 rats
153 creatures vanquished.

Vanquished Creatures (others)
  An adder (D:6)
1 creature vanquished.

Grand Total: 154 creatures vanquished

Notes
Turn   | Place    | Note
--------------------------------------------------------------
     0 | D:1      | dorian the Octopode Fire Elementalist began the quest for the Orb.
     0 | D:1      | Reached XP level 1. HP: 11/11 MP: 3/3
    44 | D:1      | Reached XP level 2. HP: 13/17 MP: 1/5
   436 | D:1      | Reached XP level 3. HP: 21/21 MP: 4/6
   704 | D:2      | Found a faded altar to an unknown god.
  1101 | D:2      | Reached skill level 4 in Fire Magic
  1101 | D:2      | Reached XP level 4. HP: 27/27 MP: 0/7
  1189 | D:2      | Learned a level 4 spell: Sticky Flame
  2284 | D:3      | Reached XP level 5. HP: 31/31 MP: 6/8
  2825 | D:4      | Noticed an ogre
  2861 | D:4      | Killed an ogre
  3142 | D:4      | Reached XP level 6. HP: 33/36 MP: 3/9
  3299 | D:4      | Reached skill level 5 in Fire Magic
  3851 | D:4      | Got a crude dagger
  3962 | D:4      | Got a scorched great sword
  4008 | D:4      | Identified the +8 dagger of Wereh {drain, rF+ Str+2 Dex+3} (You found it on level 4 of the Dungeon)
  4010 | D:4      | Identified the +11 great sword of Alegyix {elec, rElec Stlth+} (You found it on level 4 of the Dungeon)
  4025 | D:5      | Entered Level 5 of the Dungeon
  4025 | D:5      | Noticed Sigmund
  4035 | D:5      | Killed Sigmund
  4035 | D:5      | Reached skill level 5 in Conjurations
  4035 | D:5      | Reached XP level 7. HP: 37/41 MP: 0/10
  4133 | D:5      | Noticed M4edhros's ghost (novice OpAr)
  4295 | D:5      | Reached skill level 6 in Fire Magic
  4381 | D:5      | Found an iron altar of Okawaru.
  4705 | D:5      | Found a staircase to the Ecumenical Temple.
  4746 | Temple   | Entered the Ecumenical Temple
  4758 | Temple   | Became a worshipper of Vehumet
  5082 | D:6      | Reached XP level 8. HP: 46/46 MP: 2/11
  5211 | D:5      | Killed M4edhros's ghost
  5211 | D:5      | Reached skill level 7 in Fire Magic
  5745 | D:6      | Found a radiant altar of Vehumet.
  6168 | D:6      | Reached skill level 8 in Fire Magic
  6364 | D:6      | Reached * piety under Vehumet
  6364 | D:6      | Offered knowledge of Sting by Vehumet.
  6418 | D:6      | Found a radiant altar of Vehumet.
  6468 | D:6      | Noticed Pikel
  6544 | D:6      | Reached XP level 9. HP: 51/51 MP: 7/12
  7084 | D:6      | Learned a level 2 spell: Repel Missiles
  7088 | D:6      | Learned a level 3 spell: Mephitic Cloud
  7090 | D:6      | Learned a level 1 spell: Sting
  7256 | D:6      | Killed Pikel
  7256 | D:6      | Reached skill level 9 in Fire Magic
  7256 | D:6      | Reached skill level 1 in Air Magic
  7792 | D:7      | Noticed M4edhros's ghost (novice OpAr)
  7874 | D:7      | Killed M4edhros's ghost
  8144 | D:7      | Reached XP level 10. HP: 15/56 MP: 0/13
  8153 | D:7      | Slain by a killer bee

Action                   |  1- 3 |  4- 6 |  7- 9 | 10-12 || total
-------------------------+-------+-------+-------+-------++-------
Melee: Unarmed           |    22 |       |       |       ||    22
       Staff             |       |     6 |     1 |       ||     7
       Great sword       |       |     2 |    74 |       ||    76
 Cast: Flame Tongue      |    47 |   107 |   125 |       ||   279
       Sticky Flame      |       |     3 |    14 |       ||    17
       Sting             |       |       |    11 |       ||    11
       Mephitic Cloud    |       |       |     1 |       ||     1
       Repel Missiles    |       |       |     1 |       ||     1
Evoke: Wand              |       |     1 |     7 |     3 ||    11
  Use: Scroll            |       |     4 |       |       ||     4
       Potion            |       |       |     2 |       ||     2
 Stab: Sleeping          |     1 |       |     2 |       ||     3
  Eat: Chunk             |     1 |     9 |    16 |       ||    26
       Pizza             |       |     1 |     1 |       ||     2
